 Dungeon Crawl Stone Soup version 0.27-a0-1193-g8631133539 (webtiles) character file.

Game seed: 13533285956018206736

16 mordus the Chiller (level 2, 0/22 HPs)
             Began as a Draconian Ice Elementalist on May 26, 2021.
             Succumbed to an adder's poison
             ... on level 1 of the Dungeon.
             The game lasted 00:04:46 (647 turns).

mordus the Chiller (Draconian Ice Elementalist)      Turns: 647, Time: 00:04:47

Health: 0/22       AC:  4    Str: 10    XL:     2   Next: 37%
Magic:  3/5        EV: 11    Int: 15    God:
Gold:   22         SH:  3    Dex: 11    Spells: 4/5 levels left

rFire    . . .     SeeInvis .   d - +0 rapier
rCold    . . .     Faith    .   a - +0 buckler
rNeg     . . .     Spirit   .   (armour unavailable)
rPois    .         Reflect  .   (helmet restricted)
rElec    .         Harm     .   (no cloak)
rCorr    .         Rampage  .   (no gloves)
Will     .....                  (no boots)
Stlth    ++........             (no amulet)
HPRegen  0.07/turn              (no ring)
MPRegen  0.09/turn              (no ring)

@: lethally poisoned (0 -> -3)
A: AC +4, unfitting armour, cold-blooded
a: no special abilities


You were on level 1 of the Dungeon.
You visited 1 branch of the dungeon, and saw 2 of its levels.

You collected 22 gold pieces.

Inventory:

Hand Weapons
 d - a +0 rapier (weapon)
Armour
 a - a +0 buckler (worn)
Scrolls
 b - a scroll of teleportation {unknown}


   Skills:
 + Level 0.7 Fighting
 + Level 0.0 Short Blades
 + Level 1.9 Dodging
 - Level 1.7 Stealth
 + Level 0.0 Shields
 * Level 2.3 Spellcasting
 * Level 4.2 Ice Magic


You had 4 spell levels left.
You knew the following spells:

 Your Spells              Type           Power      Damage    Failure   Level
a - Freeze                Ice            56%        1d7       6%          1

Your spell library contained the following spells:

 Spells                   Type           Power      Damage    Failure   Level
 Frozen Ramparts          Ice            28%        1d4       19%         3
 Ozocubu's Armour         Ice            14%        N/A       19%         3
 Ensorcelled Hibernation  Hex/Ice        16%        N/A       22%         2
 Corona                   Hex            1%         N/A       36%         1
 Confusing Touch          Hex            1%         N/A       73%         3
 Dazzling Flash           Conj/Hex       2%         N/A       73%         3
 Tukima's Dance           Hex            1%         N/A       73%         3
 Hailstorm                Conj/Ice       8%         3d4       83%         4
 Metabolic Englaciation   Hex/Ice        4%         N/A       99%         5


Dungeon Overview and Level Annotations

Branches:
Dungeon (2/15)

Altars:

Shops:
D:1 ?

Annotations:
D:2 Robin


Innate Abilities, Weirdness & Mutations

Your plain brown scales are hard. (AC +4)
You cannot fit into any form of body armour.
You are cold-blooded and may be slowed by cold attacks.


Message History

The hobgoblin shouts!
Robin throws the goblin at you! The goblin hits you but does no damage.
You block the goblin's attack.
There is a stone staircase leading up here.
The adder bites you. The goblin hits you but does no damage.
The adder closely misses you.
You climb upwards.
There is a stone staircase leading down here.
Casting: Freeze (safe; 6% risk of failure)
Confirm with . or Enter, or press ? or * to list all spells.
Aiming: Freeze (safe; 6% risk of failure)
Press: ? - help, Shift-Dir - straight line, f - adder
Aim: an adder You freeze the adder.
The adder is heavily wounded.
The adder bites you.
You are poisoned.
The adder poisons you! The goblin hits you with a +0 dagger.
Casting: Freeze (safe; 6% risk of failure)
Confirm with . or Enter, or press ? or * to list all spells.
Aiming: Freeze (safe; 6% risk of failure)
Press: ? - help, Shift-Dir - straight line, f/p - adder
Aim: an adder (heavily wounded)
You freeze the adder.
The adder is severely wounded.
The adder seems to slow down.
You feel sick. The adder bites you.
You are lethally poisoned!
The adder poisons you! The goblin hits you but does no damage.
You feel sick. The goblin hits you with a +0 dagger.
* * * LOW HITPOINT WARNING * * *
* * * LOW HITPOINT WARNING * * *
You feel sick. The goblin closely misses you.
* * * LOW HITPOINT WARNING * * *
You feel sick.
The adder is no longer moving slowly.
You aren't carrying any potions.
* * * LOW HITPOINT WARNING * * *
You feel sick.
* * * LOW HITPOINT WARNING * * *
You feel sick.
You die...

#≈≈≈≈# #....## ##..#
###### ###..######.#
..##.# #...........##
.###.######............#
........##...........#.#
...........∩....g......##
.####..#.##.....S...>...#
.# ##.....#..#.#########
## ###.#.>.##.@.###
#.##....##...#
#.###.#.####.##
#.##..#...##..#
#.#..##...###(# ###
###...###...# #.#
..####........>..# #.#
....##.#######...# #.#
.##....# #...# #.##


There were no monsters in sight!

Vanquished Creatures
  A dart slug (D:1)
  A bat (D:1)
  4 giant cockroaches (D:1)
  3 jackals
  A ball python (D:1)
  A kobold (D:1)
  A rat (D:1)
12 creatures vanquished.

Notes
Turn   | Place    | Note
-------+----------+-------------------------------------------
     0 | D:1      | mordus the Draconian Ice Elementalist began the quest for
                  | the Orb.
     0 | D:1      | Reached XP level 1. HP: 14/14 MP: 3/3
    64 | D:1      | Found Dorifatz's Magic Scroll Shop.
   134 | D:1      | Found a faded altar of an unknown god.
   165 | D:1      | Reached XP level 2. HP: 22/22 MP: 0/5
   635 | D:2      | Noticed Robin
   646 | D:1      | HP: 1/22 [poisoned by an adder]
   647 | D:1      | Succumbed to an adder's poison

Illustrated notes

Levels and vault maps discovered:
D:1:      ncdulo_wetmaze, layout_rooms, serial_shops, shop,
          chequers_ecumenical_altar_simple_redux, minmay_worlds_worst_comb
D:2:      layout_rooms, uniq_crazy_yiuf_cottage, uniq_robin

Action                   || total
-------------------------++-------
Melee: Unarmed           ||    34
       Tailslap          ||     2
       Short sword       ||     1
       Rapier            ||     1
 Cast: Freeze            ||    12
 Stab: Sleeping          ||     1
Armor: Skin              ||    19
Dodge: Dodged            ||    36
Block: Buckler           ||     1

Table legend: (Time is in decaauts)
 A = Elapsed time spent in this place.
 B = Non-inter-level travel time spent in this place.
 C = Inter-level travel time spent in this place.
 D = Time resting spent in this place.
 E = Time spent auto-exploring this place.
 F = Levels seen in this place.
 G = Mean time per level.
                   A        B        C        D        E       F      G
               +--------+--------+--------+--------+--------+-----+--------+
         Total |    653 |    637 |     16 |     36 |    453 |   2 |  326.5 |
       Dungeon |    653 |    637 |     16 |     36 |    453 |   2 |  326.5 |
               +--------+--------+--------+--------+--------+-----+--------+

Top non-repeatable levels by time:
     D:1: 642 daAuts
     D:2: 10 daAuts
